 Dungeon Crawl Stone Soup version 0.26.1-11-gd32895ea62 (webtiles) character file.

Game seed: 7766656068201060759

248074 Zeld the Warrior (level 19, -2/125 (128) HPs)
             Began as a Hill Orc Monk on Sept 15, 2021.
             Was the Champion of Beogh.
             Killed from afar by a raiju (5 damage)
             ... with a living lightning
             ... on level 3 of the Abyss.
             The game lasted 01:36:14 (60409 turns).

Zeld the Warrior (Hill Orc Monk)                   Turns: 60409, Time: 01:36:15

HP:   -2/125 (128)  AC: 25    Str: 22    XL:     19   Next: 55%
MP:   0/23          EV:  8    Int:  6    God:    Beogh [******]
Gold: 439           SH: 17    Dex:  9    Spells: 18/18 levels left

rFire    + . .     SeeInvis .   a - +9 war axe (freeze)
rCold    + . .     Faith    .   z - +5 kite shield
rNeg     . . .     Spirit   +   x - +0 gold dragon scales
rPois    +         Reflect  .   d - +2 helmet
rElec    .         Harm     .   w - +2 cloak
rCorr    +         Rampage  .   e - +2 pair of gloves
Will     +....     Rnd*Rage +   k - +0 pair of boots
Stlth    ..........             S - amulet of guardian spirit
HPRegen  0.30/turn              K - ring of poison resistance
MPRegen  0.18/turn              E - ring of resist corrosion

@: about to teleport, studying Conjurations, lightly drained
A: walk on water, [berserk 2], [clumsy 2], [deformed body], [deterioration 2],
[dopey 2], [frail 3], [low mp 2], [screaming 2], [no potion heal 3]
}: 2/15 runes: barnacled, gossamer
a: Renounce Religion, Smiting, Recall Orcish Followers, Give Item to Named
Follower, Resurrection


You were on level 3 of the Abyss.
You worshipped Beogh.
Beogh was exalted by your worship.
You visited 7 branches of the dungeon, and saw 34 of its levels.
You visited the Abyss 3 times.
You visited 1 bazaar.
You also visited: Sewer, Gauntlet and Ice Cave.

You collected 4791 gold pieces.
You spent 4352 gold pieces at shops.

Inventory:

Hand Weapons
 a - a +9 war axe of freezing (weapon)
 b - a +4 war axe of flaming
Missiles
 f - 8 throwing nets
 l - 40 boomerangs
 q - 122 poisoned darts (quivered)
Armour
 d - a +2 helmet (worn)
 e - a +2 pair of gloves (worn)
 k - a +0 pair of boots (worn)
 w - a +2 cloak (worn)
 x - +0 gold dragon scales (worn)
 z - a +5 kite shield (worn)
Jewellery
 E - a ring of resist corrosion (right hand)
 K - a ring of poison resistance (left hand)
 N - the ring "Vyasiox" {*Corrode *Drain +Fly rElec rF+++}
   (You found it in an ice cave)

   [ring of flight]

   It renders you almost immune to fire.
   It insulates you from electricity.
   It lets you fly.
   It may corrode you when you take damage.
   It causes draining when unequipped.
 S - an amulet of guardian spirit (around neck)
Wands
 r - a wand of iceblast (22)
 v - a wand of paralysis (47)
 y - a wand of acid (9)
 A - a wand of disintegration (51)
 G - a wand of polymorph (39)
 H - a wand of flame (81)
 O - a wand of enslavement (18)
Scrolls
 g - 11 scrolls of teleportation
 i - 12 scrolls of remove curse
 B - 5 scrolls of identify
 C - 4 scrolls of holy word
 D - 2 scrolls of summoning
 L - 3 scrolls of magic mapping
 R - a scroll of enchant armour
 T - 2 scrolls of silence
 U - a scroll of brand weapon {unknown}
Potions
 c - 8 potions of curing
 h - 11 potions of ambrosia
 j - 3 potions of haste
 n - 4 potions of flight
 o - 4 potions of magic
 s - 6 potions of might
 u - a potion of cancellation
 F - 2 potions of invisibility
 I - 4 potions of brilliance
 M - 3 potions of resistance
 Q - 2 potions of berserk rage
Books
 J - a manual of Conjurations
Miscellaneous
 p - a phial of floods
 t - a lightning rod (4/4)
 P - a box of beasts


   Skills:
 * Level 19.2 Fighting
 - Level 16.0 Axes
 + Level 10.7 Throwing
 + Level 13.1 Armour
 * Level 11.5 Dodging
 - Level 1.5 Stealth
 + Level 12.2 Shields
 * Level 13.7 Invocations
 * Level 10.9 Evocations


You had 18 spell levels left.
You didn't know any spells.
Your spell library contained the following spells:

 Spells                   Type           Power        Failure   Level
 Animate Skeleton         Necr           0%           100%        1
 Apportation              Tloc           0%           100%        1
 Beastly Appendage        Tmut           0%           100%        1
 Corona                   Hex            0%           100%        1
 Freeze                   Ice            0%           100%        1
 Magic Dart               Conj           0%           100%        1
 Summon Small Mammal      Summ           0%           100%        1
 Blink                    Tloc           N/A          100%        2
 Poisonous Vapours        Pois/Air       0%           100%        2
 Searing Ray              Conj           0%           100%        2
 Wereblood                Tmut           0%           100%        2
 Call Canine Familiar     Summ           0%           100%        3
 Conjure Flame            Conj/Fire      0%           100%        3
 Dazzling Flash           Conj/Hex       0%           100%        3
 Frozen Ramparts          Ice            0%           100%        3
 Gell's Gravitas          Tloc           0%           100%        3
 Lesser Beckoning         Tloc           0%           100%        3
 Mephitic Cloud           Conj/Pois/Air  0%           100%        3
 Ozocubu's Armour         Ice            0%           100%        3
 Spider Form              Tmut/Pois      0%           100%        3
 Teleport Other           Tloc           0%           100%        3
 Fulminant Prism          Conj/Hex       0%           100%        4
 Hailstorm                Conj/Ice       0%           100%        4
 Ice Form                 Ice/Tmut       0%           100%        4
 Iskenderun's Mystic Bla  Conj/Tloc      0%           100%        4
 Passage of Golubria      Tloc           N/A          100%        4
 Summon Ice Beast         Ice/Summ       0%           100%        4
 Agony                    Necr           0%           100%        5
 Blade Hands              Tmut           0%           100%        5
 Metabolic Englaciation   Hex/Ice        0%           100%        5
 Summon Forest            Summ/Tloc      0%           100%        5
 Freezing Cloud           Conj/Ice/Air   0%           100%        6
 Ozocubu's Refrigeration  Ice            0%           100%        6
 Simulacrum               Ice/Necr       0%           100%        6
 Summon Hydra             Summ           0%           100%        7


Dungeon Overview and Level Annotations

Branches:
Dungeon (15/15)            Temple (1/1) D:5            Lair (6/6) D:10
 Shoals (4/4) Lair:3       Spider (4/4) Lair:4        Slime (0/5) Lair:6
    Orc (2/2) D:10            Elf (2/3) Orc:2        Vaults (0/5) D:13
 Depths (0/5) D:15          Sewer (visited)           IceCv (visited)
Gauntlet (visited)

Altars:
Ashenzari
Cheibriados
Dithmenos
Elyvilon
Fedhas
Gozag
Hepliaklqana
Kikubaaqudgha
Makhleb
Nemelex Xobeh
Okawaru
Qazlal
Ru
Sif Muna
Trog
Uskayaw
Vehumet
Wu Jian
Xom
Yredelemnul
Zin
The Shining One
Beogh
Jiyva

Shops:
D:13 (*?   Orc:2 [*(=   Elf:2 [   Shoals:1 *   Shoals:2 :   Shoals:4 ?:(([

Annotations:
Lair:4 exclusion: 4 oklob plants
Spider:4 exclusion: Roxanne, Roxanne


Innate Abilities, Weirdness & Mutations

You can walk on water.
[You often lose your temper in combat.]
[You are very clumsy. (Dex -4)]
[Armour fits poorly on your strangely shaped body.]
[Your body often deteriorates upon taking damage.]
[You are very dopey. (Int -4)]
[You are extremely frail. (-30% HP)]
[Your magical capacity is very low. (-20% MP)]
[You sometimes yell uncontrollably at your foes.]
[Potions cannot restore your health.]


Message History

The raiju blinks!
You see here a scroll of teleportation.
Unknown command.
Unknown command.
Unknown command.
Unknown command.
The wretched star pulses with an eldritch light!
You feel frail.
The raiju bursts into living lightning!
The living lightning hits you.
* * * LOW HITPOINT WARNING * * *
The living lightning hits you but does no damage.
The raiju blinks!
Unknown command.
Unknown command.
Unknown command.
Unknown command.
The raiju bursts into living lightning!
The living lightning misses you. The living lightning hits you.
You die...

##.............. .#..#
#.................##.#
##.......... ......##
#.#...........##.?.# ..
#........##§#*.#h.##...
#....x....Rh.#...#...
###.....h....#.h.#.. ..
#...h§..##......#......
#...$h@.##..##..#..#...
#.......#..###...# ....
#.#.(#.....# #....#.###
# #..#...##. #.......
#. ..... . ###..# . ..
...##. ### .. .#.## !.
#.# ∩.# ##


You could see 3 raiju and a small abomination.

Vanquished Creatures
  Arachne (Spider:2)
  A kraken (Shoals:3)
  Frances (Shoals:1)
  Gastronok (D:10)
  Agnes (Spider:1)
  2 ghost moths (Spider:4)
  8 emperor scorpions (Spider:4)
  Louise (Elf:1)
  A deep elf demonologist (Elf:1)
  3 entropy weavers
  Azrael (Elf:1)
  A merfolk javelineer (Shoals:2)
  A deep elf death mage (Elf:2)
  9 merfolk impalers
  2 ice dragons (IceCv)
  2 vault guards (D:13)
  Harold (D:7)
  5 boulder beetles
  8 hydras
  An alligator snapping turtle (Shoals:4)
  3 merfolk avatars (Shoals:4)
  A centaur warrior (D:15)
  3 merfolk aquamancers
  3 catoblepae
  An ogre mage (D:15)
  9 two-headed ogres
  A deep troll shaman (Lair:6)
  8 dancing weapons
  11 death yaks
  3 satyrs
  2 tengu warriors
  A wretched star (Abyss:3)
  6 deep elf knights
  A sixfirhy (D:11)
  2 skeletal warriors (D:11)
  A wizard (D:13)
  13 sea snakes
  2 unseen horrors
  12 deep elf archers
  3 orc knights
  2 lindwurms (Lair:4)
  9 harpies (Shoals:1)
  32 deep elf magi
  20 orb spiders
  3 cyclopes
  An oklob plant (D:9)
  5 ugly things
  2 orc sorcerers
  16 wolf spiders
  12 manticores
  17 fauns
  2 moths of wrath
  14 merfolk sirens
  9 elephants
  8 black mambas
  Maurice (D:10)
  2 ice statues (IceCv)
  An elephant (shapeshifter) (Gauntlet)
  7 water nymphs
  9 cane toads
  A komodo dragon (shapeshifter) (D:15)
  6 rime drakes
  A rime drake (shapeshifter) (Elf:1)
  6 komodo dragons
  4 centaur skeletons
  An efreet (D:15)
  2 hellwings (D:13)
  2 yaktaurs (D:13)
  8 demonic crawlers
  A red devil (D:13)
  3 trolls
  A queen bee (Lair:4)
  24 jumping spiders
  5 meliai
  3 polar bears
  2 hornets
  2 slime creatures (D:14)
  17 merfolk
  3 wind drakes
  18 blink frogs
  8 dream sheep
  7 snapping turtles (Shoals:4)
  A vampire (D:12)
  An air elemental (Elf:1)
  60 redbacks
  A redback (shapeshifter) (Gauntlet)
  A centaur simulacrum (Gauntlet)
  4 shadows
  2 wraiths
  21 tarantellas
  7 water elementals
  7 wyverns
  5 fire elementals
  2 basilisks
  41 yaks
  A steam dragon (Lair:4)
  A hog (shapeshifter) (Gauntlet)
  A neqoxec (Abyss:2)
  Grum (D:6)
  2 large abominations (Gauntlet)
  2 vampire mosquitoes (D:14)
  A soldier ant (D:14)
  A soldier ant (shapeshifter) (Elf:1)
  17 water moccasins
  Edmund (D:4)
  2 hell hounds (Elf:1)
  3 black bears
  18 ice beasts
  3 sky beasts
  11 orc warriors
  2 eyes of draining
  A necrophage (D:8)
  A phantom (D:11)
  13 wolves
  15 ogres
  17 centaurs
  A big kobold (D:9)
  7 small abominations
  3 earth elementals (Elf:1)
  3 gnoll sergeants
  18 bullfrogs
  A wyvern zombie (D:13)
  5 scorpions
  A wyvern skeleton (D:7)
  12 wights
  34 killer bees
  A howler monkey (D:10)
  6 electric eels
  A crimson imp (D:13)
  2 bullfrog zombies
  3 centaur zombies
  3 quasits
  21 hounds
  13 orc wizards
  3 gnoll shamans
  2 jellies (D:7)
  8 orc priests
  2 wyvern simulacra (Gauntlet)
  A bullfrog skeleton (D:8)
  6 iguanas
  6 iron imps (D:13)
  Natasha (thrice) (D:4)
  12 worker ants
  2 hell rats (Lair:4)
  A killer bee zombie (D:5)
  A bullfrog simulacrum (Gauntlet)
  A howler monkey zombie (D:5)
  A worker ant zombie (D:10)
  A hound skeleton (D:9)
  15 gnolls
  A howler monkey skeleton (D:4)
  18 adders
  4 river rats (D:13)
  4 shadow imps
  7 white imps
  4 ufetubi
  4 adder skeletons
  An adder zombie (D:5)
  4 worms
  3 dart slugs
  5 leopard geckos
  45 orcs
  9 giant cockroaches
  11 hobgoblins
  12 jackals
  8 quokkas
  2 ball pythons
  15 bats
  3 frilled lizards
  A giant cockroach zombie (D:5)
  7 goblins
  A jackal skeleton (D:4)
  18 kobolds
  A leopard gecko skeleton (D:7)
  A leopard gecko zombie (D:9)
  8 rats
  3 tentacles (Shoals:3)
1101 creatures vanquished.

Vanquished Creatures (collateral kills)
  The ghost of Kiokkeho the Brawler, a journeyman TrMo of Qazlal (D:13)
  A minotaur (Gauntlet)
  4 merfolk impalers
  2 vault guards (D:13)
  2 boulder beetles
  3 hydras
  A death knight (D:14)
  A two-headed ogre (D:10)
  A centaur warrior (D:14)
  An ogre mage (D:15)
  A satyr (Shoals:4)
  3 tengu warriors
  A skeletal warrior (D:11)
  An unseen horror (D:10)
  2 deep elf archers (Elf:1)
  2 orc knights (Orc:2)
  3 orc sorcerers
  3 orb spiders
  A deep elf mage (D:12)
  4 wolf spiders
  3 fauns (Shoals:3)
  5 ugly things
  A slime creature (D:14)
  4 manticores
  3 elephants
  3 black mambas (Lair:6)
  A cyclops (D:13)
  3 merfolk sirens
  A gargoyle (D:14)
  A torpor snail (Lair:3)
  A cane toad (Lair:3)
  4 centaur skeletons
  A rime drake (Lair:5)
  3 freezing wraiths (D:14)
  A komodo dragon (D:14)
  A meliai (Spider:1)
  6 jumping spiders
  A merfolk (Shoals:1)
  A polar bear (Lair:6)
  A troll (D:13)
  8 blink frogs
  5 tarantellas
  8 redbacks
  A water elemental (Shoals:1)
  A wraith (D:14)
  8 yaks
  4 basilisks
  2 vampire mosquitoes (D:14)
  A warg (Orc:1)
  An acid dragon (D:14)
  4 water moccasins
  An orc priest (Shoals:1)
  An ice beast (D:10)
  6 orc warriors
  A black bear (Lair:1)
  8 centaurs
  2 ogres (Orc:1)
  4 bullfrogs
  8 killer bees (Lair:4)
  A crimson imp (D:13)
  An iron imp (D:13)
  2 orc wizards
  A bullfrog skeleton (D:10)
  An iguana (Orc:1)
  3 worker ants
  An ufetubus (D:13)
  2 orcs
  A giant cockroach (D:13)
  A kobold (D:11)
171 creatures vanquished.

Vanquished Creatures (others)
  7 orc knights
  3 orc high priests
  A merfolk aquamancer (Shoals:4)
  A deep elf mage (Elf:1)
  14 orc warriors
  12 orc wizards
  10 orc priests
  25 orcs
  51 fungi
  154 plants
  2 tentacles (Shoals:3)
  18 withered plants (Gauntlet)
298 creatures vanquished.

Grand Total: 1570 creatures vanquished

Notes
Turn   | Place    | Note
-------+----------+-------------------------------------------
     0 | D:1      | Zeld the Hill Orc Monk began the quest for the Orb.
     0 | D:1      | Reached XP level 1. HP: 19/19 MP: 1/1
   410 | D:1      | Reached XP level 2. HP: 26/27 MP: 2/2
   519 | D:1      | Reached skill level 4 in Fighting
   771 | D:1      | Reached skill level 1 in Armour
   771 | D:1      | Reached XP level 3. HP: 28/33 MP: 3/3
  1585 | D:2      | Found a shadowy altar of Dithmenos.
  1708 | D:2      | Found a bloodstained altar of Trog.
  1953 | D:2      | Reached XP level 4. HP: 14/41 MP: 4/4
  2357 | D:2      | Reached skill level 5 in Axes
  2586 | D:2      | Found an iron altar of Okawaru.
  3052 | D:3      | Reached XP level 5. HP: 44/47 MP: 5/5
  3168 | D:3      | Found a glowing silver altar of Zin.
  3283 | D:3      | Reached skill level 5 in Fighting
  4031 | D:4      | Noticed Natasha
  4036 | D:4      | Killed Natasha
  4058 | D:4      | Reached XP level 6. HP: 56/56 MP: 6/6
  4188 | D:4      | Found a hazy altar of Hepliaklqana.
  4410 | D:4      | Noticed Natasha
  4413 | D:4      | Killed Natasha
  4472 | D:4      | Noticed Edmund
  4487 | D:4      | Reached skill level 6 in Fighting
  4487 | D:4      | Reached XP level 7. HP: 37/63 MP: 7/7
  4490 | D:4      | Killed Edmund
  4755 | D:4      | Noticed Natasha
  4758 | D:4      | Killed Natasha
  4910 | D:5      | Entered Level 5 of the Dungeon
  5063 | D:5      | Found a glowing golden altar of the Shining One.
  5300 | D:5      | Found a staircase to the Ecumenical Temple.
  5396 | Temple   | Entered the Ecumenical Temple
  5668 | D:5      | Reached skill level 7 in Fighting
  5673 | D:5      | Noticed a two-headed ogre
  5713 | D:5      | Reached XP level 8. HP: 65/73 MP: 8/8
  6698 | D:5      | Found a sacrificial altar of Ru.
  7110 | D:6      | Found a glowing drain.
  7160 | Sewer    | Entered a sewer
  7186 | Sewer    | Found the +8 Wrath of Trog {antimagic, *Rage}
  7191 | Sewer    | Reached skill level 1 in Throwing
  7409 | D:6      | Reached skill level 8 in Fighting
  7795 | D:6      | Reached XP level 9. HP: 78/82 MP: 9/9
  7817 | D:6      | Noticed Grum
  7834 | D:6      | Killed Grum
  8148 | D:6      | Found a snail-covered altar of Cheibriados.
  8558 | D:7      | Reached skill level 5 in Armour
  8816 | D:7      | Found a white marble altar of Elyvilon.
  9092 | D:6      | Reached skill level 9 in Fighting
  9270 | D:7      | Noticed Harold
  9282 | D:7      | Reached skill level 10 in Axes
  9285 | D:7      | Killed Harold
  9286 | D:7      | Reached skill level 5 in Dodging
  9840 | D:7      | Reached XP level 10. HP: 92/92 MP: 10/10
 10349 | D:7      | Reached skill level 10 in Fighting
 10736 | D:7      | Noticed a two-headed ogre
 10749 | D:7      | Killed an unseen horror
 11673 | D:8      | Noticed a two-headed ogre
 11684 | D:8      | Killed a two-headed ogre
 12197 | D:8      | Became a worshipper of Beogh the Brigand
 12197 | D:8      | Reached * piety under Beogh
 12197 | D:8      | Reached ** piety under Beogh
 12954 | D:9      | Identified Sif Muna's Papyrus of the Sinister Escort
 12999 | D:9      | Reached XP level 11. HP: 101/101 MP: 11/11
 13162 | D:9      | Reached skill level 11 in Fighting
 13654 | D:9      | Found a blossoming altar of Fedhas.
 13670 | D:9      | Noticed an oklob plant
 14140 | D:10     | Entered Level 10 of the Dungeon
 14518 | D:10     | Found a staircase to the Lair.
 14526 | D:10     | Noticed Gastronok
 14875 | D:10     | Killed Gastronok
 14888 | D:10     | Reached *** piety under Beogh
 15293 | D:10     | Noticed a two-headed ogre
 15299 | D:10     | Killed a two-headed ogre
 15300 | D:10     | Reached skill level 5 in Throwing
 15463 | D:10     | Found a staircase to the Orcish Mines.
 15724 | D:10     | Reached skill level 5 in Shields
 15786 | D:10     | Noticed Maurice
 15791 | D:10     | Killed an unseen horror
 15797 | D:10     | Killed Maurice
 15939 | D:11     | Noticed a skeletal warrior
 15955 | D:11     | Killed a skeletal warrior
 15956 | D:11     | Reached skill level 12 in Fighting
 16025 | D:11     | Noticed a sixfirhy
 16026 | D:11     | Noticed a red ugly thing
 16027 | D:11     | Found a runed translucent door.
 16032 | D:11     | Killed a red ugly thing
 16045 | D:11     | Noticed a boulder beetle
 16070 | D:11     | Killed a boulder beetle
 16071 | D:11     | Reached XP level 12. HP: 28/112 MP: 12/12
 16080 | D:11     | Gained Beowulf as an ally
 17157 | D:12     | Reached **** piety under Beogh
 17196 | D:12     | Gained Harm as an ally
 17356 | D:12     | Noticed a soul eater
 17363 | D:12     | Your ally Harm died
 17866 | D:13     | Noticed a boulder beetle
 17875 | D:12     | Killed a boulder beetle
 17911 | D:13     | Found Waam's Antique Weapon Shop.
 17919 | D:13     | Bought an iridescent hand axe for 272 gold pieces
 17926 | D:13     | Noticed a two-headed ogre
 17933 | D:13     | Killed a two-headed ogre
 18298 | D:13     | Found a shimmering altar of Xom.
 18313 | D:13     | Found a blossoming altar of Fedhas.
 18313 | D:13     | Found a sacrificial altar of Ru.
 18315 | D:13     | Found a shimmering altar of Xom.
 18315 | D:13     | Found a snail-covered altar of Cheibriados.
 18315 | D:13     | Found a blossoming altar of Fedhas.
 18506 | D:14     | Reached skill level 13 in Fighting
 18649 | D:14     | Noticed a centaur warrior
 18893 | D:13     | Got a faintly glowing platinum ring
 18943 | D:13     | Got a heavily runed lapis lazuli ring
 19059 | D:13     | Got a fine brass ring
 19214 | D:13     | Found a runed translucent gate.
 19217 | D:13     | Noticed a deep elf knight
 19218 | D:13     | Found a runed translucent gate.
 19218 | D:13     | Noticed Kiokkeho's ghost (journeyman TrMo)
 19219 | D:13     | Noticed a tengu warrior
 19220 | D:13     | Found a runed translucent gate.
 19221 | D:13     | Found an iron altar of Okawaru.
 19244 | D:13     | Noticed a vault guard
 19308 | D:13     | Paralysed by a wizard for 3 turns
 19315 | D:13     | Reached XP level 13. HP: 110/122 MP: 13/13
 19475 | D:13     | Noticed a vault guard
 19492 | D:13     | Paralysed by an orc sorcerer for 4 turns
 19739 | D:13     | Found Unuluut's Magic Scroll Shoppe.
 19744 | D:13     | Bought a scroll of holy word for 90 gold pieces
 19744 | D:13     | Bought a scroll of blinking for 90 gold pieces
 19744 | D:13     | Bought a scroll of identify for 24 gold pieces
 19744 | D:13     | Bought a scroll of teleportation for 36 gold pieces
 19744 | D:13     | Bought a scroll of enchant weapon for 90 gold pieces
 19763 | D:13     | Found Fostrom's General Store.
 19792 | D:13     | Bought a potion of curing for 42 gold pieces
 19792 | D:13     | Bought 3 poisoned darts for 16 gold pieces
 19792 | D:13     | Bought a potion of flight for 42 gold pieces
 19792 | D:13     | Bought a wand of flame (12) for 98 gold pieces
 19834 | D:13     | Reached ***** piety under Beogh
 19887 | D:13     | Killed a vault guard
 19896 | D:13     | Killed a vault guard
 19896 | D:13     | Gained Wardok as an ally
 20063 | D:13     | Found a gate to the Vaults.
 20063 | D:13     | Noticed a vault guard
 20063 | D:13     | Noticed a vault guard
 20070 | D:13     | Killed a vault guard
 20074 | D:13     | Killed a vault guard
 20575 | D:14     | Reached skill level 15 in Axes
 20837 | D:14     | Reached skill level 14 in Fighting
 21141 | D:14     | Identified the +6 hand axe of Strategic Superiority {chaos,
                  | *Drain rPois rN+++} (You bought it in a shop on level 13 of
                  | the Dungeon)
 21142 | D:14     | Identified the ring of Ittanid {+Fly rF+} (You found it on
                  | level 13 of the Dungeon)
 21143 | D:14     | Identified the ring of Tioffe {Wiz *Corrode rF+ rN++} (You
                  | found it on level 13 of the Dungeon)
 21325 | D:14     | Identified the cursed ring "Ceguin" {rF++ Str+4 Int-5 Dex-4
                  | Stlth+} (You found it on level 13 of the Dungeon)
 22375 | D:14     | You fall into a shaft and drop 1 floor!
 22375 | D:15     | Entered Level 15 of the Dungeon
 22831 | D:15     | Gained Dorog as an ally
 22929 | D:15     | Your ally Dorog died
 22941 | D:15     | Reached XP level 14. HP: 133/133 MP: 14/14
 23727 | D:15     | Found a shadowy altar of Dithmenos.
 23736 | D:15     | Reached skill level 15 in Fighting
 23736 | D:15     | Reached skill level 10 in Armour
 24047 | D:15     | Found a staircase to the Depths.
 24191 | D:13     | HP: 3/135 [orc knight/+0 war axe (31)]
 24772 | D:13     | Gained Spirok as an ally
 24775 | D:13     | Killed Kiokkeho's ghost
 25574 | Orc:1    | Entered Level 1 of the Orcish Mines
 25804 | Orc:1    | Paralysed by an orc sorcerer for 2 turns
 26011 | Orc:1    | Gained Dorog as an ally
 26141 | Orc:2    | Entered Level 2 of the Orcish Mines
 26187 | Orc:2    | Found a staircase to the Elven Halls.
 26362 | Orc:1    | Found a bloodstained altar of Trog.
 26526 | Orc:2    | Paralysed by an orc sorcerer for 5 turns
 26531 | Orc:2    | HP: 1/135 [orc knight/+0 great sword (21)]
 26980 | Orc:2    | Gained Wulfoc as an ally
 27055 | Orc:2    | Your ally Wulfoc died
 27070 | Orc:2    | Reached ****** piety under Beogh
 28323 | Orc:2    | Found a roughly hewn altar of Beogh.
 28533 | Orc:2    | Found Eppigar's Antique Armour Boutique.
 28534 | Orc:2    | Found Seutig's Antique Weapon Shoppe.
 28534 | Orc:2    | Found Joukhof's Assorted Antiques.
 28558 | Orc:2    | Found Qam Suudifaa's Jewellery Emporium.
 28563 | Orc:2    | Bought a lumpy orange potion for 36 gold pieces
 28563 | Orc:2    | Bought a wand of flame (10) for 40 gold pieces
 28563 | Orc:2    | Bought a potion of ambrosia for 320 gold pieces
 28563 | Orc:2    | Bought a scroll of remove curse for 120 gold pieces
 28563 | Orc:2    | Bought a worn fluorescent wand for 160 gold pieces
 28565 | Orc:2    | Bought a glowing plate armour for 832 gold pieces
 28774 | Orc:2    | Found a burning altar of Makhleb.
 29041 | D:12     | Got a dazzling hand axe
 29042 | D:12     | Identified the +6 hand axe of Robroh {elec, Dex+5 Stlth+}
                  | (You found it on level 12 of the Dungeon)
 29488 | Lair:1   | Entered Level 1 of the Lair of Beasts
 29503 | Lair:1   | Found a gate leading to a gauntlet.
 29515 | Gauntlet | Entered a Gauntlet
 29515 | Gauntlet | Found a transporter.
 29515 | Gauntlet | Found a transporter.
 29524 | Gauntlet | Found a runed translucent door.
 29527 | Gauntlet | Found a transporter.
 29528 | Gauntlet | Found a transporter.
 29536 | Gauntlet | Found a transporter.
 29539 | Gauntlet | Found a transporter.
 29547 | Gauntlet | Found a transporter.
 29565 | Gauntlet | Found a transporter.
 29571 | Gauntlet | Found a transporter.
 29573 | Gauntlet | Found a transporter.
 29583 | Gauntlet | Found a transporter.
 29632 | Gauntlet | Found a transporter.
 30954 | Lair:1   | Reached skill level 1 in Invocations
 30992 | Lair:1   | Gained Boruk as an ally
 30993 | Lair:1   | Reached skill level 1 in Evocations
 31684 | Lair:2   | Reached XP level 15. HP: 143/143 MP: 16/16
 31693 | Lair:2   | Reached skill level 16 in Fighting
 32128 | Lair:2   | Found a shimmering altar of Xom.
 33155 | Lair:3   | Found a staircase to the Shoals.
 33728 | Lair:4   | Reached skill level 5 in Invocations
 33896 | Lair:4   | Your ally Boruk died
 34857 | Lair:4   | Found a hole to the Spider Nest.
 35510 | Lair:4   | Found the +27 Lear's hauberk
 36057 | Lair:5   | Found a frozen archway.
 36123 | IceCv    | Entered an ice cave
 36250 | IceCv    | Reached skill level 5 in Evocations
 36254 | IceCv    | Gained Herok as an ally
 36261 | IceCv    | Your ally Herok died
 36740 | IceCv    | Got an ancient brass ring
 37423 | Lair:5   | Reached XP level 16. HP: 152/152 MP: 21/21
 37432 | Lair:5   | Reached skill level 10 in Shields
 37605 | Lair:5   | Gained Wargath as an ally
 38151 | Lair:6   | Entered Level 6 of the Lair of Beasts
 38258 | Lair:6   | Found a staircase to the Slime Pits.
 38274 | Lair:6   | Found a viscous altar of Jiyva.
 39115 | Lair:6   | Gained Borgoth as an ally
 39146 | Lair:6   | Reached skill level 17 in Fighting
 39186 | Lair:6   | Your ally Borgoth died
 39203 | Lair:6   | Your ally Wargath died
 39493 | Lair:6   | Gained Bolgrim as an ally
 39494 | Lair:6   | Your ally Bolgrim died
 39839 | Spider:1 | Entered Level 1 of the Spider Nest
 40031 | Spider:1 | Noticed Agnes
 40048 | Spider:1 | Killed Agnes
 40456 | Lair:4   | Identified the ring "Vyasiox" {*Corrode *Drain +Fly rElec
                  | rF+++} (You found it in an ice cave)
 41079 | Spider:1 | Gained Olfik as an ally
 42560 | Spider:2 | Noticed Arachne
 42582 | Spider:2 | Killed Arachne
 42583 | Spider:2 | Reached XP level 17. HP: 98/162 MP: 15/24
 42903 | Spider:2 | Gained Judas as an ally
 42906 | Spider:2 | Your ally Judas died
 43024 | Spider:2 | Reached skill level 10 in Invocations
 43256 | Spider:4 | Entered Level 4 of the Spider Nest
 45744 | Spider:4 | Identified Roxanne's Guide on Shape Shifting
 45744 | Spider:4 | Noticed Roxanne
 46334 | Spider:4 | Reached skill level 10 in Dodging
 46662 | Spider:4 | Reached skill level 18 in Fighting
 48102 | Spider:4 | Got a gossamer rune of Zot
 50089 | Shoals:1 | Entered Level 1 of the Shoals
 50529 | Shoals:1 | Gained Zartorak as an ally
 50546 | Shoals:1 | Found Hunov's Assorted Antiques.
 50666 | Shoals:1 | Bought a potion of haste for 360 gold pieces
 50666 | Shoals:1 | Bought a potion of resistance for 360 gold pieces
 50784 | Shoals:1 | Noticed Frances
 50790 | Shoals:1 | Reached XP level 18. HP: 154/172 MP: 23/26
 50810 | Shoals:1 | Killed Frances
 50979 | Shoals:1 | Gained Norbak as an ally
 51465 | Shoals:1 | Reached skill level 10 in Throwing
 52712 | Shoals:2 | Gained Arbolt as an ally
 53014 | Shoals:2 | Found Akkad's Book Emporium.
 53303 | Shoals:3 | Gained Oreg as an ally
 53492 | Shoals:3 | Found a flickering gateway to a bazaar.
 53505 | Bazaar   | Entered a bazaar
 53542 | Bazaar   | Found Bataxt's Armour Shoppe.
 53547 | Bazaar   | Bought +0 gold dragon scales for 1120 gold pieces
 53558 | Bazaar   | Found Kawaot's Book Shoppe.
 53558 | Bazaar   | Found Xohuinige's Antique Armour Emporium.
 53569 | Bazaar   | Bought a shiny kite shield for 120 gold pieces
 53580 | Bazaar   | Found Kifuraq's Gadget Shoppe.
 54322 | Shoals:4 | Entered Level 4 of the Shoals
 54377 | Shoals:4 | Found Janonkoll's Weapon Shoppe.
 54381 | Shoals:4 | Found a glowing golden altar of the Shining One.
 54576 | Shoals:4 | Found Fosmogy's Book Boutique.
 54824 | Shoals:4 | Found Qean's Magic Scroll Shop.
 54919 | Shoals:4 | Bought a scroll of magic mapping for 42 gold pieces
 54919 | Shoals:4 | Bought a scroll of magic mapping for 42 gold pieces
 55304 | Shoals:4 | Reached skill level 10 in Evocations
 55377 | Shoals:4 | Got translucent storm dragon scales
 55388 | Shoals:4 | Identified the +8 storm dragon scales of Articulation
                  | {rElec rF+ Int+4 Dex-5} (You found it on level 4 of the
                  | Shoals)
 55482 | Shoals:4 | Found Soegaumai's Antique Weapon Shoppe.
 55560 | Shoals:4 | Found Lyiruaz's Armour Emporium.
 56045 | Shoals:3 | Your ally Oreg died
 56275 | Shoals:4 | Got a barnacled rune of Zot
 57420 | Elf:1    | Entered Level 1 of the Elven Halls
 57428 | Elf:1    | Reached XP level 19. HP: 181/181 MP: 28/28
 57638 | Elf:1    | Reached skill level 19 in Fighting
 58312 | Elf:1    | Noticed Azrael
 58340 | Elf:1    | Killed Azrael
 58832 | Elf:1    | Found a shimmering blue altar of Sif Muna.
 59073 | Elf:2    | Found Cetsi's Antique Armour Shoppe.
 59331 | Elf:2    | Noticed Louise
 59332 | Elf:2    | Cast into level 3 of the Abyss (Louise)
 59377 | Elf:2    | Escaped the Abyss
 59415 | Elf:2    | Killed Louise
 59895 | Elf:1    | Killed the ghostly Louise
 60121 | Elf:2    | Found a radiant altar of Vehumet.
 60155 | Elf:2    | Cast into level 2 of the Abyss (a deep elf sorcerer)
 60229 | Elf:2    | Escaped the Abyss
 60305 | Elf:1    | Cast into level 3 of the Abyss (a deep elf sorcerer)
 60407 | Abyss:3  | HP: 6/143 [raiju/living lightning (6)]
 60409 | Abyss:3  | Killed from afar by a raiju

Illustrated notes

Levels and vault maps discovered:
D:1:      nagdon_arrival_double_spiral, layout_loops_ring, minivault_27
D:2:      layout_rooms, old_standard_altar, okawaru_metal_pillars_3,
          nicolae_overflow_hidden_temple, serial_glass, glass_columns_a,
          glass_columns_c
D:3:      minmay_angry_zag, layout_loops_ring, zin_statuary
D:4:      layout_gridville, nzn_hepliaklqana_mist_gate, minmay_fountain_box,
          grunt_ministairs_14, uniq_natasha, uniq_edmund
D:5:      minmay_bubble_buster, layout_loops_ring, nicolae_ru_path_of_blood,
          minmay_temple_entry_statues_pillars, tso_altar
D:6:      layout_cave_pools, kennysheep_mini, portal_sewer_entry_d,
          serial_gnoll_camp, gnoll_camp_mini_hut, gnoll_camp_mini_hut,
          grums_kennel, gnoll_camp_mini_hut, gnoll_camp_huts_basic,
          chequers_serial_rivers_large_a
D:7:      minmay_the_grid_triangle_9x9_rhombus_full
          [minmay_the_grid_triangle_9x9_thin_v,
          minmay_the_grid_triangle_9x9_minimal,
          minmay_the_grid_triangle_9x9_steps,
          minmay_the_grid_triangle_9x9_sparse_checkered,
          minmay_the_grid_triangle_9x9_semitri,
          minmay_the_grid_triangle_9x9_odd_lines,
          minmay_the_grid_triangle_9x9_skeleton,
          minmay_the_grid_triangle_9x9_prize_top_heavy], layout_basic,
          lemuel_round_altar, uniq_harold
D:8:      layout_loops_ring, kennysheep_generic_room_12
D:9:      layout_basic, tgw_fedhas, minmay_liquid_box, hex_medium, fountainhead
D:10:     layout_long_grid, erik_lair_island, hiddenorc1_lemuel, uniq_maurice,
          uniq_gastronok
D:11:     cheibrodos_shockbox, layout_rooms, corexii_checkpoint_a
D:12:     layout_loops_ring
D:13:     kennysheep_tiny_hell, layout_gridville, grunt_vaults_entry_fortified,
          gammafunk_ghost_fury_of_okawaru, serial_shops, shop_statue, shop,
          shop, doesnt_xom_only_xom
D:14:     layout_long_grid, minmay_misc_feat_chi, hangedman_decor_opposing
D:15:     hangedman_depths_entry_try_elsewhere_first, layout_loops_ring,
          grunt_dithmenos_shadows
Temple:   chequers_temple_sunken
Lair:1:   layout_regular_city, gauntlet_entry_generic, beast_lair_carwin_3,
          infiniplex_staircase_pool_2, grunt_megastairs_5
Lair:2:   layout_cave_pods, basic_altar
Lair:3:   layout_chaotic_city, elwin_shoals_entry_rooms
Lair:4:   hangedman_what_comes_after_a, layout_loops_ring, spider_nest_entry_a
Lair:5:   layout_concentric_octagons, portal_ice_cave_rime, grunt_megastairs_1,
          lemuel_fruit_fields
Lair:6:   grunt_lair_end_beastmaster, layout_cave_pods, slime_altar_1
Shoals:1: layout_shoals, serial_shops, shop, uniq_frances
Shoals:2: layout_shoals, serial_shops, shop, nicolae_shoals_square_sea_wall
Shoals:3: layout_shoals, serial_shops, bzr_entry_water
Shoals:4: shoals_end_simple, layout_shoals, serial_shops, shop,
          nicolae_shop_statue_plus, shop, shop, shop, lemuel_altar_in_water
Spider:1: layout_spider_delve, guppyfry_spider_mini_2, uniq_agnes
Spider:2: layout_spider_delve, hangedman_spider_tarantella_strand, uniq_arachne
Spider:3: layout_spider_delve
Spider:4: grunt_spider_rune_circles, nicolae_orb_stairs, uniq_roxanne
Orc:1:    minmay_goldmine, layout_diamond_mine, trog_butcher_becter
Orc:2:    st_orc_rangers, layout_caves, basic_altar, nicolae_orc_damp_corner,
          david_defended_altar_orc
Elf:1:    eino_elf_arrival_shootout, layout_loops_cross, basic_altar,
          minivault_28, uniq_azrael
Elf:2:    layout_onion_city, serial_shops, shop_coins, basic_altar,
          eino_tiny_chamber, nicolae_elf_stone_circles, uniq_louise
Abyss:3:  base: Vaults:5, hangedman_abyss_or_decor_clamps, base: Depths:4,
          kilobyte_mutagenic_chamber, hangedman_eye_storm

Skill      XL: |  1  2  3  4  5  6  7  8  9 10 11 12 13 14 15 16 17 18 19 |
---------------+----------------------------------------------------------+-----
Fighting       | 4 5 6 7 8 9 10 12 13 14 15 16 17 18 19 | 19.2
Armour         | 1 2 3 4 5 6 7 8 9 10 11 12 13 | 13.1
Axes           | 5 6 7 9 10 11 13 14 15 16 | 16.0
Dodging        | 3 4 5 6 7 8 9 10 11 | 11.5
Throwing       | 1 3 4 5 6 7 8 9 10 | 10.7
Shields        | 2 3 5 6 7 9 10 11 12 | 12.2
Invocations    | 2 6 9 11 13 | 13.7
Evocations     | 1 5 7 9 10 | 10.9
Stealth        | |  1.5

Action                   |  1- 3 |  4- 6 |  7- 9 | 10-12 | 13-15 | 16-18 | 19-21 || total
-------------------------+-------+-------+-------+-------+-------+-------+-------++-------
Melee: Hand axe          |   161 |   120 |       |       |    18 |       |       ||   299
       War axe           |       |    89 |   270 |   584 |  1112 |  1533 |   392 ||  3980
Throw: Dart              |       |       |     1 |     4 |       |       |       ||     5
Invok: Convert to Beogh  |       |       |       |     1 |       |       |       ||     1
       Give Item to Name |       |       |       |       |     3 |       |       ||     3
       Recall Orcish Fol |       |       |       |       |     2 |       |       ||     2
Evoke: Wand              |       |       |       |    30 |       |    16 |       ||    46
       Box of beasts     |       |       |       |     1 |     1 |     1 |       ||     3
  Use: Scroll            |       |     9 |     6 |    13 |    25 |    23 |     5 ||    81
       Potion            |       |       |       |     2 |     8 |    11 |     1 ||    22
 Stab: Sleeping          |     3 |       |       |       |       |       |       ||     3
       Distracted        |       |       |       |     2 |     8 |     7 |       ||    17
       Petrified         |       |       |       |       |       |     8 |       ||     8
Armor: Robe              |    75 |    18 |       |       |       |       |       ||    93
       Plate armour      |       |   111 |   202 |   346 |   486 |   674 |       ||  1819
       Gold dragon scale |       |       |       |       |       |   132 |   137 ||   269
Dodge: Dodged            |   131 |    81 |    98 |   111 |   256 |   421 |    52 ||  1150
Block: Kite shield       |       |       |    20 |   263 |   712 |  1314 |   224 ||  2533
